 Dungeon Crawl Stone Soup version 0.20-a0-899-g09a9bfb (webtiles) character file.

30 BrendanD the Sneak (level 3, -1/18 HPs)
             Began as a Spriggan Assassin on Mar 18, 2017.
             Slain by an ooze (4 damage)
             ... on level 2 of the Dungeon.
             The game lasted 00:03:40 (1134 turns).

BrendanD the Sneak (Spriggan Assassin)              Turns: 1134, Time: 00:03:41

Health: -1/18      AC:  3    Str:  7    XL:     3   Next: 3%
Magic:  4/4        EV: 18    Int: 12    God:
Gold:   27         SH:  0    Dex: 18    Spells: 2/2 levels left

rFire    . . .     SeeInvis +   a - +2 dagger
rCold    . . .     Gourm    .   c - +0 robe
rNeg     . . .     Faith    .   (shield restricted)
rPois    .         Spirit   .   (helmet restricted)
rElec    .         Reflect  .   d - +0 cloak
rCorr    .         Harm     .   (gloves unavailable)
MR       .....                  (boots unavailable)
Stlth    +++.......             (no amulet)
Regen    0.1/turn               (no ring)
MPRegen  0.1/turn               (no ring)

@: very quick
A: unfitting armour, see invisible, herbivore 3, speed 3, slow metabolism 2
a: no special abilities


You were on level 2 of the Dungeon.
You were not hungry.

You visited 1 branch of the dungeon, and saw 2 of its levels.

You collected 27 gold pieces.

Inventory:

Hand Weapons
 a - a +2 dagger (weapon)
 b - a +0 blowgun
Missiles
 e - 5 poisoned needles (quivered)
Armour
 c - a +0 robe (worn)
 d - a +0 cloak (worn)
Scrolls
 i - a scroll of noise {unknown}
 j - a scroll of identify {unknown}
 k - a scroll of remove curse {unknown}
 l - a scroll of magic mapping {unknown}
Potions
 h - a potion of lignification {unknown}
Comestibles
 g - 2 bread rations


   Skills:
 + Level 1.8 Fighting
 * Level 3.0 Short Blades
 - Level 2.0 Throwing
 + Level 2.6 Dodging
 + Level 6.1 Stealth


You had 2 spell levels left.
You didn't know any spells.

Dungeon Overview and Level Annotations

Branches:
Dungeon (2/15)

Altars:


Innate Abilities, Weirdness & Mutations

You are very small and have problems with some larger weapons.
You are too small for most types of armour.
You have supernaturally acute eyesight. (SInv)
You are a herbivore.
You cover ground extremely quickly.
You need consume almost no food.


Message History

You are too injured to fight recklessly!
You are too injured to fight recklessly!
You are too injured to fight recklessly!
You barely miss the worm. You hit the worm. The worm barely misses you.
The ooze misses you.
You barely miss the worm. The ooze hits you but does no damage.
You hit the worm. The worm bites you!
* * * LOW HITPOINT WARNING * * *
A hobgoblin comes into view. It is wielding a club.
Found 5 stones and 8 sling bullets.
Tossing away (i - inventory):
e - 7 poisoned needles (quivered)
Aim: a worm (lightly wounded)
You toss away a poisoned needle.
The poisoned needle hits the worm.
Tossing away (i - inventory):
e - 6 poisoned needles (quivered)
Aim: an ooze You toss away a poisoned needle.
The poisoned needle barely misses the ooze.
The ooze completely misses you.
You hit the ooze but do no damage. The ooze hits you.
You die...

... .g.###+ (.(
#.....
#############..
#.... ..#
............##.##...
.. #........# ..#..
.. #........# #.#.#
.# #...###..###.#.#
.# #####..##
##.##.@J(####.#
.......#
#....#w......#
.....###
###..#..(....#
....## #
##.#.$.....# ....#
.+ #.#.....(.......
##+.## #.#
#...............
.....###.#
#..##..##........
.........#
....####.##........
........###..##
#.##........


You could see a worm and an ooze.

Vanquished Creatures
  An ooze (D:1)
  A giant cockroach (D:2)
  3 goblins
  3 hobgoblins (D:1)
  4 jackals (D:1)
  4 kobolds
  A ball python (D:2)
  4 bats
  A frilled lizard (D:1)
  2 rats (D:1)
24 creatures vanquished.

Notes
Turn   | Place    | Note
-------+----------+-------------------------------------------
     0 | D:1      | BrendanD the Spriggan Assassin began the quest for the Orb.
     0 | D:1      | Reached XP level 1. HP: 10/10 MP: 2/2
    94 | D:1      | Reached skill level 6 in Stealth
   139 | D:1      | Reached XP level 2. HP: 15/15 MP: 3/3
  1107 | D:2      | Reached XP level 3. HP: 18/18 MP: 4/4
  1134 | D:2      | Slain by an ooze

Vault maps used:
D:1:      minmay_arrival_four_circles, serial_bayou_ford_a
D:2:      serial_forest, infiniplex_forest_clump_tiny,
          infiniplex_forest_lined_corner, infiniplex_forest_clump_medium,
          infiniplex_forest_clump_diagonal, first_bread,
          nemelex_dance_club_becter

Skill      XL: |  1  2 |
---------------+-------+-----
Dodging        | 2 |  2.6
Stealth        | 6 |  6.1
Short Blades   | 3 |  3.0
Fighting       | |  1.8
Throwing       | |  2.0

Action                   || total
-------------------------++-------
Melee: Dagger            ||    78
 Stab: Sleeping          ||     9
Armor: Robe              ||     7
Dodge: Dodged            ||    49
